| TOP OF THE 1ST |
|
Buffalo Bisons batting - Pitching for Charlotte Knights : LHP Joel Beery
|
|
Pitching: LHP Joel Beery
|
|
|
Batting: SHB Bran Stark
|
0-0: Ball 1-0: Ball 2-0: Reached on error, E3 (Groundball, 3S, EV 43.8 MPH)
|
|
Batting: RHB Alex Ramos
|
0-0: Ball 1-0: Foul Ball, location: 2F 1-1: Called Strike 1-2: Foul Ball, location: 2F 1-2: Foul Ball, location: 2F 1-2: Ball 2-2: Ground out 5-3 (Groundball, 56, EV 96.2 MPH)
|
|
Batting: RHB Chris Pounds
|
0-0: Called Strike 0-1: Called Strike 0-2: SINGLE (Groundball, 4, EV 94.4 MPH) Bran Stark to third
|
|
Batting: RHB Zhi-bin Ou-yang
|
0-0: SINGLE (Groundball, 25, EV 67.5 MPH) (infield hit) Chris Pounds to second
|
|
Batting: LHB Isto Mäyrä
|
0-0: Ball 1-0: Called Strike 1-1: Grounds into double play, 4-6-3 (Groundball, 4, EV 85.0 MPH)
|
| Top of the 1st over - 0 runs, 2 hits, 1 error, 2 left on base; Buffalo 0 - Charlotte 0 |
| BOTTOM OF THE 1ST |
|
Charlotte Knights batting - Pitching for Buffalo Bisons : RHP Jonathon Crunk
|
|
Pitching: RHP Jonathon Crunk
|
|
|
Batting: RHB Jeremy Hoffert
|
0-0: SINGLE (Line Drive, 56D, EV 98.8 MPH)
|
|
Batting: SHB Ruben Velasco Jr.
|
0-0: Called Strike 0-1: Ball 1-1: Called Strike 1-2: Strikes out swinging
|
|
Batting: LHB Justin Stickney
|
0-0: Ball Wild Pitch! Jeremy Hoffert to second 1-0: SINGLE (Groundball, 34D, EV 100.6 MPH) Jeremy Hoffert to third Runner from 3rd tries for Home, SAFE, throw by RF to home
|
|
Batting: LHB Ricardo Pagan
|
0-0: Ball 1-0: Ball 2-0: Ball 3-0: Called Strike 3-1: Foul Ball, location: 2F 3-2: Foul Ball, location: 2F 3-2: Base on Balls Justin Stickney to second
|
|
Batting: RHB Mark Jones
|
0-0: Ball 1-0: Foul Ball, location: 2F 1-1: Ball 2-1: Foul Ball, location: 2F Pickoff Throw to Second - Out! 2-2: Ball 3-2: Foul Ball, location: 2F 3-2: Foul Ball, location: 2F 3-2: SINGLE (Groundball, 56D, EV 104.4 MPH) Ricardo Pagan to second Ricardo Pagan to third
|
|
Batting: RHB Micah Brown
|
0-0: Ground out 4-3 (Groundball, 4, EV 85.6 MPH)
|
| Bottom of the 1st over - 1 run, 3 hits, 0 errors, 2 left on base; Buffalo 0 - Charlotte 1 |
| TOP OF THE 2ND |
|
Buffalo Bisons batting - Pitching for Charlotte Knights : LHP Joel Beery
|
|
Batting: RHB Danny Eberhart
|
0-0: Foul Ball, location: 2F 0-1: Ball 1-1: SINGLE (Groundball, 34D, EV 100.6 MPH) (infield hit)
|
|
Batting: RHB Danny Heyer
|
0-0: Foul Ball, location: 2F 0-1: Foul Ball, location: 2F 0-2: Foul Ball, location: 2F 0-2: Foul Ball, location: 2F 0-2: Ball 1-2: Ball 2-2: Ball 3-2: Base on Balls Danny Eberhart to second
|
|
Batting: LHB Jack Bell
|
0-0: Called Strike 0-1: Ball 1-1: Fly out, F7 (Flyball, 7S, EV 91.9 MPH)
|
|
Batting: RHB Kyle Davis
|
0-0: Ball 1-0: Swinging Strike 1-1: Called Strike 1-2: Foul Ball, location: 2F 1-2: Fly out, F5 (Line Drive, 5, EV 73.8 MPH)
|
|
Batting: SHB Bran Stark
|
0-0: Called Strike 0-1: Ball 1-1: Foul Ball, location: 2F 1-2: Ball 2-2: Ball 3-2: Base on Balls Danny Eberhart to third Danny Heyer to second
|
|
Batting: RHB Alex Ramos
|
0-0: Ball 1-0: Fly out, F8 (Flyball, 8LXD, EV 105.0 MPH)
|
| Top of the 2nd over - 0 runs, 1 hit, 0 errors, 3 left on base; Buffalo 0 - Charlotte 1 |
| BOTTOM OF THE 2ND |
|
Charlotte Knights batting - Pitching for Buffalo Bisons : RHP Jonathon Crunk
|
|
Batting: SHB Josh Conner
|
0-0: Ball 1-0: Ball 2-0: Called Strike 2-1: Called Strike 2-2: Ground out 5-3 (Groundball, 5D, EV 87.5 MPH)
|
|
Batting: RHB Kikuo Sato
|
0-0: Ball 1-0: Ground out 6-3 (Groundball, 6, EV 89.4 MPH)
|
|
Batting: RHB Steve Waltenbery
|
0-0: Called Strike 0-1: Ball 1-1: Ball 2-1: SINGLE (Groundball, 4MD, EV 96.2 MPH)
|
|
Batting: RHB Jeremy Hoffert
|
0-0: Ball 1-0: Ball 2-0: Ball 3-0: Base on Balls Steve Waltenbery to second
|
|
Batting: SHB Ruben Velasco Jr.
|
0-0: Ball 1-0: Ball 2-0: Ball 3-0: Called Strike 3-1: Swinging Strike 3-2: Base on Balls Steve Waltenbery to third Jeremy Hoffert to second
|
|
Batting: LHB Justin Stickney
|
0-0: Ground out 4-3 (Groundball, 34D, EV 98.8 MPH)
|
| Bottom of the 2nd over - 0 runs, 1 hit, 0 errors, 3 left on base; Buffalo 0 - Charlotte 1 |
| TOP OF THE 3RD |
|
Buffalo Bisons batting - Pitching for Charlotte Knights : LHP Joel Beery
|
|
Batting: RHB Chris Pounds
|
0-0: Ball 1-0: Fly out, F8 (Flyball, 8RD, EV 108.1 MPH)
|
|
Batting: RHB Zhi-bin Ou-yang
|
0-0: Ball 1-0: Called Strike 1-1: Fly out, F4 (Popup, 4M, EV 58.8 MPH)
|
|
Batting: LHB Isto Mäyrä
|
0-0: Swinging Strike 0-1: Ball 1-1: Ball 2-1: Ball 3-1: Base on Balls
|
|
Batting: RHB Danny Eberhart
|
0-0: Ball 1-0: Called Strike 1-1: Fly out, F7 (Flyball, 7LSF, EV 87.5 MPH)
|
| Top of the 3rd over - 0 runs, 0 hits, 0 errors, 1 left on base; Buffalo 0 - Charlotte 1 |
| BOTTOM OF THE 3RD |
|
Charlotte Knights batting - Pitching for Buffalo Bisons : RHP Jonathon Crunk
|
|
Batting: LHB Ricardo Pagan
|
0-0: Swinging Strike 0-1: Ball 1-1: Ground out 6-3 (Groundball, 6MS, EV 92.5 MPH)
|
|
Batting: RHB Mark Jones
|
0-0: Ball 1-0: Called Strike 1-1: SINGLE (Groundball, 2L, EV 63.1 MPH) (infield hit)
|
|
Batting: RHB Micah Brown
|
0-0: Ball 1-0: Foul Ball, location: 2F 1-1: Swinging Strike 1-2: DOUBLE (Line Drive, 7LM, EV 105.6 MPH) Mark Jones to third Runner from 3rd tries for Home, throw by LF and OUT! 7-6-2
|
|
Batting: SHB Josh Conner
|
0-0: Fly out, F7 (Flyball, 7, EV 95.6 MPH)
|
| Bottom of the 3rd over - 0 runs, 2 hits, 0 errors, 1 left on base; Buffalo 0 - Charlotte 1 |
| TOP OF THE 4TH |
|
Buffalo Bisons batting - Pitching for Charlotte Knights : LHP Joel Beery
|
|
Batting: RHB Danny Heyer
|
0-0: Ball 1-0: Called Strike 1-1: Foul Ball, location: 2F 1-2: Ball 2-2: Ground out 5-3 (Groundball, 56S, EV 86.9 MPH)
|
|
Batting: LHB Jack Bell
|
0-0: Ball 1-0: Called Strike 1-1: Foul Ball, location: 2F 1-2: SINGLE (Groundball, 25, EV 76.9 MPH) (infield hit)
|
|
Batting: RHB Kyle Davis
|
0-0: Ball 1-0: Ball Jack Bell steals 2nd base 2-0: Called Strike 2-1: Swinging Strike 2-2: Foul Ball, location: 2F 2-2: Foul Ball, location: 2F 2-2: Foul Ball, location: 2F 2-2: Ball 3-2: Base on Balls
|
|
Batting: SHB Bran Stark
|
0-0: Ball Jack Bell steals 3rd, throwing error, E2 Jack Bell scores Kyle Davis to third 1-0: Foul Ball, location: 2F 1-1: SINGLE (Flyball, 89S, EV 86.2 MPH) Kyle Davis scores
|
|
Batting: RHB Alex Ramos
|
0-0: Swinging Strike 0-1: Swinging Strike 0-2: Strikes out swinging
|
|
Batting: RHB Chris Pounds
|
0-0: Ball Bran Stark steals 2nd base 1-0: Foul Ball, location: 2F 1-1: Foul Ball, location: 2F 1-2: SINGLE (Flyball, 56D, EV 91.9 MPH) Bran Stark to third Runner from 3rd tries for Home, SAFE, throw by LF to home
|
|
Batting: RHB Zhi-bin Ou-yang
|
0-0: Ball 1-0: Ground out 4-3 (Groundball, 34S, EV 89.4 MPH)
|
| Top of the 4th over - 3 runs, 3 hits, 1 error, 1 left on base; Buffalo 3 - Charlotte 1 |
| BOTTOM OF THE 4TH |
|
Charlotte Knights batting - Pitching for Buffalo Bisons : RHP Jonathon Crunk
|
|
Batting: RHB Kikuo Sato
|
0-0: Ball 1-0: Ground out 5-3 (Groundball, 5S, EV 70.0 MPH)
|
|
Batting: RHB Steve Waltenbery
|
0-0: Ground out 1-3 (Groundball, 13, EV 68.1 MPH)
|
|
Batting: RHB Jeremy Hoffert
|
0-0: Fly out, F7 (Flyball, 7, EV 85.6 MPH)
|
| Bottom of the 4th over - 0 runs, 0 hits, 0 errors, 0 left on base; Buffalo 3 - Charlotte 1 |
| TOP OF THE 5TH |
|
Buffalo Bisons batting - Pitching for Charlotte Knights : LHP Joel Beery
|
|
Batting: LHB Isto Mäyrä
|
0-0: Called Strike 0-1: Ball 1-1: Ball 2-1: Ball 3-1: Base on Balls
|
|
Batting: RHB Danny Eberhart
|
0-0: Fielders Choice at 2nd, 5-4 (Groundball, 56, EV 103.8 MPH)
|
|
Batting: RHB Danny Heyer
|
0-0: Ball 1-0: Called Strike 1-1: Ball 2-1: Called Strike 2-2: Fly out, F8 (Flyball, 78M, EV 87.5 MPH)
|
|
Batting: LHB Jack Bell
|
0-0: Fly out, F4 (Popup, 4M, EV 76.9 MPH)
|
| Top of the 5th over - 0 runs, 0 hits, 0 errors, 1 left on base; Buffalo 3 - Charlotte 1 |
| BOTTOM OF THE 5TH |
|
Charlotte Knights batting - Pitching for Buffalo Bisons : RHP Jonathon Crunk
|
|
Batting: SHB Ruben Velasco Jr.
|
0-0: Called Strike 0-1: Called Strike 0-2: Ball 1-2: Strikes out swinging
|
|
Batting: LHB Justin Stickney
|
0-0: Foul Ball, location: 2F 0-1: Ball 1-1: Foul Ball, location: 2F 1-2: Ball 2-2: SINGLE (Groundball, 6D, EV 110.6 MPH)
|
|
Batting: LHB Ricardo Pagan
|
0-0: Foul Ball, location: 2F 0-1: Foul Ball, location: 2F 0-2: Foul Ball, location: 2F 0-2: Ball 1-2: Ground out 4-3 (Groundball, 4S, EV 65.0 MPH) Justin Stickney to second
|
|
Batting: RHB Mark Jones
|
0-0: Ball 1-0: Foul Ball, location: 2F 1-1: Ball 2-1: Swinging Strike 2-2: Ball 3-2: Strikes out swinging
|
| Bottom of the 5th over - 0 runs, 1 hit, 0 errors, 1 left on base; Buffalo 3 - Charlotte 1 |
| TOP OF THE 6TH |
|
Buffalo Bisons batting - Pitching for Charlotte Knights : LHP Joel Beery
|
|
Pitching: LHP Silas Chartier
|
|
|
Batting: RHB Kyle Davis
|
0-0: Ball 1-0: Ball 2-0: Ball 3-0: Base on Balls
|
|
Batting: SHB Bran Stark
|
0-0: 2-RUN HOME RUN (Flyball, 7D, EV 106.2 MPH), Distance : 399 ft
|
|
Batting: RHB Alex Ramos
|
0-0: Called Strike 0-1: Foul Ball, location: 2F 0-2: Strikes out swinging
|
|
Batting: RHB Chris Pounds
|
0-0: Foul Ball, location: 2F 0-1: Called Strike 0-2: Foul Ball, location: 2F 0-2: Ball 1-2: Ball 2-2: SOLO HOME RUN (Flyball, 9D, EV 97.5 MPH), Distance : 387 ft
|
|
Pitching: LHP Juan Fuentes
|
|
|
Batting: RHB Zhi-bin Ou-yang
|
0-0: Ball 1-0: Foul Ball, location: 2F 1-1: Ball 2-1: Fly out, F9 (Flyball, 9S, EV 90.0 MPH)
|
|
Batting: LHB Isto Mäyrä
|
0-0: Fly out, F5 (Popup, 5SF, EV 64.4 MPH)
|
| Top of the 6th over - 3 runs, 2 hits, 0 errors, 0 left on base; Buffalo 6 - Charlotte 1 |
| BOTTOM OF THE 6TH |
|
Charlotte Knights batting - Pitching for Buffalo Bisons : RHP Jonathon Crunk
|
|
Batting: RHB Micah Brown
|
0-0: Called Strike 0-1: SINGLE (Groundball, 34D, EV 100.0 MPH)
|
|
Batting: SHB Josh Conner
|
0-0: Ground out 6-3 (Groundball, 6M, EV 102.5 MPH) Micah Brown to second
|
|
Batting: RHB Kikuo Sato
|
0-0: Foul Ball, location: 2F 0-1: Ball 1-1: Swinging Strike 1-2: Ball 2-2: Ball 3-2: Strikes out swinging
|
|
Batting: RHB Steve Waltenbery
|
0-0: Ball 1-0: Ball 2-0: Foul Ball, location: 2F 2-1: Foul Ball, location: 2F 2-2: Foul Ball, location: 2F 2-2: Ground out U3 (Groundball, 3, EV 87.5 MPH)
|
| Bottom of the 6th over - 0 runs, 1 hit, 0 errors, 1 left on base; Buffalo 6 - Charlotte 1 |
| TOP OF THE 7TH |
|
Buffalo Bisons batting - Pitching for Charlotte Knights : LHP Juan Fuentes
|
|
Batting: RHB Danny Eberhart
|
0-0: Ground out 4-3 (Groundball, 4, EV 85.0 MPH)
|
|
Batting: RHB Danny Heyer
|
0-0: Called Strike 0-1: Ball 1-1: SINGLE (Flyball, 34D, EV 97.5 MPH)
|
|
Batting: LHB Jack Bell
|
0-0: Ball 1-0: Foul Ball, location: 2F 1-1: Foul Ball, location: 2F 1-2: SINGLE (Groundball, 4MD, EV 105.0 MPH) Danny Heyer to second Runner from 2nd tries for 3rd, SAFE, throw by CF made to third Jack Bell to second
|
|
Batting: RHB Kyle Davis
|
0-0: SINGLE (Groundball, 6MD, EV 100.6 MPH) Danny Heyer scores Jack Bell to third Runner from 3rd tries for Home, throw by CF and OUT! 8-2 Kyle Davis to second
|
|
Batting: SHB Bran Stark
|
0-0: Ball 1-0: Called Strike 1-1: Called Strike 1-2: Ball 2-2: Foul Ball, location: 2F 2-2: Strikes out looking
|
| Top of the 7th over - 1 run, 3 hits, 0 errors, 1 left on base; Buffalo 7 - Charlotte 1 |
| BOTTOM OF THE 7TH |
|
Charlotte Knights batting - Pitching for Buffalo Bisons : RHP Jonathon Crunk
|
|
Batting: RHB Jeremy Hoffert
|
0-0: Called Strike 0-1: Ball 1-1: Ball 2-1: Ball 3-1: Base on Balls
|
|
Batting: SHB Ruben Velasco Jr.
|
0-0: Ball 1-0: Ball 2-0: Ball 3-0: Called Strike 3-1: Fielders Choice at 2nd, 3-6 (Groundball, 3, EV 103.1 MPH)
|
|
Pitching: RHP Art Nobles
|
|
|
Batting: LHB Justin Stickney
|
0-0: Called Strike 0-1: Swinging Strike 0-2: Grounds into double play, 6-4-3 (Groundball, 56, EV 84.4 MPH)
|
| Bottom of the 7th over - 0 runs, 0 hits, 0 errors, 0 left on base; Buffalo 7 - Charlotte 1 |
| TOP OF THE 8TH |
|
Buffalo Bisons batting - Pitching for Charlotte Knights : LHP Juan Fuentes
|
|
Batting: RHB Alex Ramos
|
0-0: Called Strike 0-1: Called Strike 0-2: Ball 1-2: SINGLE (Line Drive, 78M, EV 94.4 MPH)
|
|
Pitching: RHP Maury Compson
|
|
|
Batting: RHB Chris Pounds
|
0-0: Called Strike Alex Ramos steals 2nd base 0-1: Ball 1-1: Foul Ball, location: 2F 1-2: Ground out U3 (Groundball, 34S, EV 69.4 MPH) Alex Ramos to third
|
|
Batting: RHB Zhi-bin Ou-yang
|
0-0: Foul Ball, location: 2F 0-1: Called Strike 0-2: SINGLE (Groundball, 4MD, EV 103.1 MPH) Alex Ramos scores
|
|
Batting: LHB Isto Mäyrä
|
0-0: Ball 1-0: Called Strike 1-1: Ball 2-1: Ball 3-1: Base on Balls Zhi-bin Ou-yang to second
|
|
Pinch Hitting: RHB Bryan Peterson
|
0-0: Ball 1-0: Called Strike 1-1: Called Strike 1-2: Ball 2-2: Foul Ball, location: 2F 2-2: Strikes out looking
|
|
Batting: RHB Danny Heyer
|
0-0: SINGLE (Line Drive, 8LS, EV 113.1 MPH) Zhi-bin Ou-yang to third Isto Mäyrä to second Runner from 3rd tries for Home, SAFE, throw by CF to home
|
|
Batting: LHB Jack Bell
|
0-0: Ball 1-0: Swinging Strike 1-1: Ball 2-1: Swinging Strike 2-2: Ball 3-2: Foul Ball, location: 2F 3-2: Strikes out swinging
|
| Top of the 8th over - 2 runs, 3 hits, 0 errors, 2 left on base; Buffalo 9 - Charlotte 1 |
| BOTTOM OF THE 8TH |
|
Charlotte Knights batting - Pitching for Buffalo Bisons : RHP Art Nobles
|
|
Now at 2B: Zhi-bin Ou-yang
|
|
|
Now at SS: Leo Mair
|
|
|
Batting: LHB Ricardo Pagan
|
0-0: Called Strike 0-1: Swinging Strike 0-2: Ball 1-2: Ball 2-2: Ball 3-2: Base on Balls
|
|
Batting: RHB Mark Jones
|
0-0: Called Strike 0-1: Fielders Choice at 2nd, 6-4 (Groundball, 56D, EV 86.2 MPH)
|
|
Batting: RHB Micah Brown
|
0-0: Called Strike 0-1: Ball 1-1: Grounds into double play, 4-6-3 (Groundball, 4, EV 99.4 MPH)
|
| Bottom of the 8th over - 0 runs, 0 hits, 0 errors, 0 left on base; Buffalo 9 - Charlotte 1 |
| TOP OF THE 9TH |
|
Buffalo Bisons batting - Pitching for Charlotte Knights : RHP Maury Compson
|
|
Batting: RHB Kyle Davis
|
0-0: Ball 1-0: Ball 2-0: SINGLE (Groundball, 4M, EV 104.4 MPH) (infield hit)
|
|
Pitching: RHP Dicky Goedhart
|
|
|
Batting: SHB Bran Stark
|
0-0: Ball 1-0: Ball 2-0: Grounds into double play, 4-6-3 (Groundball, 34D, EV 80.6 MPH)
|
|
Batting: RHB Alex Ramos
|
0-0: Fly out, F7 (Line Drive, 7, EV 93.1 MPH)
|
| Top of the 9th over - 0 runs, 1 hit, 0 errors, 0 left on base; Buffalo 9 - Charlotte 1 |
| BOTTOM OF THE 9TH |
|
Charlotte Knights batting - Pitching for Buffalo Bisons : RHP Art Nobles
|
|
Batting: SHB Josh Conner
|
0-0: SINGLE (Groundball, 4, EV 98.8 MPH)
|
|
Batting: RHB Kikuo Sato
|
0-0: Ball 1-0: Called Strike 1-1: Ball 2-1: Fly out, F8 (Line Drive, 8RD, EV 90.6 MPH)
|
|
Pinch Hitting: RHB Chris Cooper
|
0-0: Ball 1-0: Ball 2-0: Ball 3-0: Base on Balls Josh Conner to second
|
|
Pinch Hitting: RHB Mike Savage
|
0-0: Foul Ball, location: 2F 0-1: SINGLE (Groundball, 56S, EV 70.0 MPH) (infield hit) Josh Conner to third Chris Cooper to second
|
|
Pinch Hitting: RHB Matt McDevitt
|
0-0: Swinging Strike 0-1: Foul Ball, location: 2F 0-2: Ball 1-2: Strikes out swinging
|
|
Pinch Hitting: RHB Manny Mendoza
|
0-0: Called Strike 0-1: Swinging Strike 0-2: Ball 1-2: Ball 2-2: Foul Ball, location: 2F 2-2: SINGLE (Flyball, 3D, EV 91.2 MPH) Josh Conner scores Chris Cooper to third Mike Savage to second
|
|
Batting: LHB Ricardo Pagan
|
0-0: Ball 1-0: Swinging Strike 1-1: Swinging Strike 1-2: SINGLE (Groundball, 56S, EV 63.8 MPH) (infield hit) Chris Cooper scores Mike Savage to third Manny Mendoza to second
|
|
Batting: RHB Mark Jones
|
0-0: Called Strike 0-1: Foul Ball, location: 2F 0-2: Reached on error, E1 (Groundball, 13, EV 68.8 MPH) Mike Savage scores Manny Mendoza scores Ricardo Pagan to third
|
|
Pitching: LHP Mario Amore
|
|
|
Batting: RHB Micah Brown
|
0-0: Foul Ball, location: 2F 0-1: Foul Ball, location: 2F 0-2: Foul Ball, location: 2F 0-2: Ball 1-2: Strikes out swinging
|
| Bottom of the 9th over - 4 runs, 4 hits, 1 error, 2 left on base; Buffalo 9 - Charlotte 5 |
|